3A
IDAHO FALLS CHUKARS @ MT. VERNON BULLS
07/02/2038
 
TOP OF THE 1ST
Idaho Falls Chukars batting - Pitching for Mt. Vernon Bulls : LHP Jaime Chávez
Pitching: LHP Jaime Chávez
Batting: LHB Huibrecht Bloemheuvel 0-0: Called Strike
0-1: Foul Ball, location: 2F
0-2: Foul Ball, location: 2F
0-2: Ball
1-2: Foul Ball, location: 2F
1-2: SINGLE (Line Drive, 9LM, EV 105.0 MPH)
Batting: RHB Jon Hill 0-0: Ball
1-0: Swinging Strike
1-1: Ball
2-1: Swinging Strike
2-2: Strikes out looking
Batting: SHB Koryusai Ohayashi 0-0: Called Strike
0-1: Foul Ball, location: 2F
0-2: Ball
1-2: Strikes out swinging
Batting: RHB Richard Forrest 0-0: Ball
1-0: Ball
2-0: Called Strike
2-1: Called Strike
2-2: Foul Ball, location: 2F
2-2: Fielders Choice at 2nd, 5-4 (Groundball, 56, EV 84.4 MPH)
Top of the 1st over - 0 runs, 1 hit, 0 errors, 1 left on base; Idaho Falls 0 - Mt. Vernon 0
BOTTOM OF THE 1ST
Mt. Vernon Bulls batting - Pitching for Idaho Falls Chukars : RHP Todd Hanley
Pitching: RHP Todd Hanley
Batting: RHB Ned Lyons 0-0: Called Strike
0-1: Called Strike
0-2: Ball
1-2: Ball
2-2: Strikes out swinging
Batting: LHB Ben Bullock 0-0: Ball
1-0: Ball
2-0: Ground out 4-3 (Groundball, 4, EV 81.2 MPH)
Batting: RHB Cyrillo Watson 0-0: Foul Ball, location: 2F
0-1: Foul Ball, location: 2F
0-2: Ground out 4-3 (Groundball, 4, EV 105.0 MPH)
Bottom of the 1st over - 0 runs, 0 hits, 0 errors, 0 left on base; Idaho Falls 0 - Mt. Vernon 0
TOP OF THE 2ND
Idaho Falls Chukars batting - Pitching for Mt. Vernon Bulls : LHP Jaime Chávez
Batting: RHB César Vélez 0-0: Ball
1-0: Ball
2-0: Ball
3-0: Base on Balls
Batting: RHB Kel Warren 0-0: Called Strike
0-1: SINGLE (Line Drive, 7S, EV 90.6 MPH)
César Vélez to second
Batting: SHB Oscar Henson 0-0: Called Strike
0-1: Ball
1-1: Foul Ball, location: 2F
1-2: Strikes out swinging
Batting: RHB Jon Walker 0-0: Called Strike
Pickoff Throw to Second - Out!
0-1: Ball
1-1: Foul Ball, location: 2F
1-2: Strikes out swinging
Top of the 2nd over - 0 runs, 1 hit, 0 errors, 1 left on base; Idaho Falls 0 - Mt. Vernon 0
BOTTOM OF THE 2ND
Mt. Vernon Bulls batting - Pitching for Idaho Falls Chukars : RHP Todd Hanley
Batting: LHB Philip Todd 0-0: Ball
1-0: Called Strike
1-1: Hit by Pitch
Pinch Runner at 1st José González:
Batting: RHB Doug Page 0-0: Ball
1-0: Ball
2-0: Fly out, F7 (Line Drive, 7, EV 90.6 MPH)
Batting: RHB Maema Njongmeta 0-0: Ball
1-0: Foul Ball, location: 2F
1-1: Fly out, F7 (Flyball, 78M, EV 90.6 MPH)
Batting: RHB Francisco Ortíz 0-0: Foul Ball, location: 2F
0-1: Called Strike
0-2: Ball
1-2: Foul Ball, location: 2F
1-2: Foul Ball, location: 2F
1-2: Foul Ball, location: 2F
1-2: Foul Ball, location: 2F
1-2: Ball
2-2: Ball
José González steals 2nd base
3-2: DOUBLE (Line Drive, 7LS, EV 106.9 MPH)
José González scores
Batting: RHB John Polk 0-0: Called Strike
0-1: Called Strike
0-2: Ground out 6-3 (Groundball, 6S, EV 93.1 MPH)
Bottom of the 2nd over - 1 run, 1 hit, 0 errors, 1 left on base; Idaho Falls 0 - Mt. Vernon 1
TOP OF THE 3RD
Idaho Falls Chukars batting - Pitching for Mt. Vernon Bulls : LHP Jaime Chávez
Now in LF: Shawn Mullins
Batting: RHB Javier Botín 0-0: Foul Ball, location: 2F
0-1: Ground out 6-3 (Groundball, 6S, EV 80.6 MPH)
Batting: LHB Huibrecht Bloemheuvel 0-0: Reached on error, E5 (Groundball, 56, EV 107.5 MPH)
Batting: RHB Jon Hill 0-0: Called Strike
0-1: Ball
1-1: Ball
2-1: Ball
3-1: Swinging Strike
3-2: Strikes out looking
Batting: SHB Koryusai Ohayashi 0-0: Foul Ball, location: 2F
0-1: Ball
Wild Pitch!
Huibrecht Bloemheuvel to second
1-1: Ball
2-1: Ball
3-1: SINGLE (Groundball, 56, EV 101.2 MPH)
Huibrecht Bloemheuvel to third
Runner from 3rd tries for Home, SAFE, throw by LF to home
Batting: RHB Richard Forrest 0-0: Called Strike
0-1: Swinging Strike
0-2: Ball
1-2: Ground out 5-3 (Groundball, 5S, EV 81.2 MPH)
Top of the 3rd over - 1 run, 1 hit, 1 error, 1 left on base; Idaho Falls 1 - Mt. Vernon 1
BOTTOM OF THE 3RD
Mt. Vernon Bulls batting - Pitching for Idaho Falls Chukars : RHP Todd Hanley
Batting: RHB Donovan Carlson 0-0: Fly out, F4 (Line Drive, 4, EV 68.8 MPH)
Batting: RHB Ned Lyons 0-0: Called Strike
0-1: SINGLE (Groundball, 34D, EV 99.4 MPH)
Batting: LHB Ben Bullock 0-0: Ball
1-0: Called Strike
1-1: Foul Ball, location: 2F
1-2: Ball
2-2: Ball
3-2: Base on Balls
Ned Lyons to second
Batting: RHB Cyrillo Watson 0-0: Fly out, F9 (Flyball, 9LM, EV 90.6 MPH)
Batting: RHB Shawn Mullins 0-0: Ball
1-0: Fielders Choice at 2nd, 6-4 (Groundball, 6, EV 80.0 MPH)
Bottom of the 3rd over - 0 runs, 1 hit, 0 errors, 2 left on base; Idaho Falls 1 - Mt. Vernon 1
TOP OF THE 4TH
Idaho Falls Chukars batting - Pitching for Mt. Vernon Bulls : LHP Jaime Chávez
Batting: RHB César Vélez 0-0: Foul Ball, location: 2F
0-1: Swinging Strike
0-2: Strikes out swinging
Batting: RHB Kel Warren 0-0: Ball
1-0: Called Strike
1-1: Foul Ball, location: 2F
1-2: Strikes out swinging
Batting: SHB Oscar Henson 0-0: Ball
1-0: Ball
2-0: Called Strike
2-1: Foul Ball, location: 2F
2-2: Foul Ball, location: 2F
2-2: Ball
3-2: Strikes out looking
Top of the 4th over - 0 runs, 0 hits, 0 errors, 0 left on base; Idaho Falls 1 - Mt. Vernon 1
BOTTOM OF THE 4TH
Mt. Vernon Bulls batting - Pitching for Idaho Falls Chukars : RHP Todd Hanley
Batting: RHB Doug Page 0-0: Ball
1-0: Ball
2-0: Ball
3-0: Called Strike
3-1: Base on Balls
Batting: RHB Maema Njongmeta 0-0: Fly out, F7 (Flyball, 78S, EV 92.5 MPH)
Batting: RHB Francisco Ortíz 0-0: Called Strike
0-1: Called Strike
0-2: Ball
1-2: Foul Ball, location: 2F
1-2: Ball
2-2: DOUBLE (Line Drive, 78D, EV 103.8 MPH)
Doug Page to third
Runner from 3rd tries for Home, SAFE, throw by LF to home
Batting: RHB John Polk 0-0: Foul Ball, location: 2F
0-1: Foul Ball, location: 2F
0-2: Ball
1-2: Strikes out looking
Batting: RHB Donovan Carlson 0-0: Called Strike
0-1: SINGLE (Line Drive, 7S, EV 88.1 MPH)
Francisco Ortíz to third
Runner from 3rd tries for Home, SAFE, no throw by LF
Batting: RHB Ned Lyons 0-0: Ball
1-0: Fly out, F7 (Flyball, 7LM, EV 96.2 MPH)
Bottom of the 4th over - 2 runs, 2 hits, 0 errors, 1 left on base; Idaho Falls 1 - Mt. Vernon 3
TOP OF THE 5TH
Idaho Falls Chukars batting - Pitching for Mt. Vernon Bulls : LHP Jaime Chávez
Batting: RHB Jon Walker 0-0: Ball
1-0: Foul Ball, location: 2F
1-1: Foul Ball, location: 2F
1-2: Strikes out swinging, 2-3 out at first.
Batting: RHB Javier Botín 0-0: Called Strike
0-1: Ball
1-1: Swinging Strike
1-2: Ball
2-2: Foul Ball, location: 2F
2-2: Foul Ball, location: 2F
2-2: Ball
3-2: Strikes out swinging
Batting: LHB Huibrecht Bloemheuvel 0-0: Ball
1-0: Called Strike
1-1: Called Strike
1-2: SINGLE (Line Drive, 78S, EV 107.5 MPH)
Batting: RHB Jon Hill 0-0: Ball
1-0: Ball
2-0: Ball
3-0: Foul Ball, location: 2F
3-1: Swinging Strike
3-2: Strikes out swinging
Top of the 5th over - 0 runs, 1 hit, 0 errors, 1 left on base; Idaho Falls 1 - Mt. Vernon 3
BOTTOM OF THE 5TH
Mt. Vernon Bulls batting - Pitching for Idaho Falls Chukars : RHP Todd Hanley
Batting: LHB Ben Bullock 0-0: Ball
1-0: Called Strike
1-1: Ball
2-1: Called Strike
2-2: Ball
3-2: Foul Ball, location: 2F
3-2: SOLO HOME RUN (Flyball, 9D, EV 105.6 MPH), Distance : 395 ft
Batting: RHB Cyrillo Watson 0-0: Fly out, F6 (Flyball, 6D, EV 78.1 MPH)
Batting: RHB Shawn Mullins 0-0: Ground out 1-3 (Groundball, 13S, EV 66.9 MPH)
Batting: RHB Doug Page 0-0: Swinging Strike
0-1: Ball
1-1: Swinging Strike
1-2: Ball
2-2: Ball
3-2: Base on Balls
Batting: RHB Maema Njongmeta 0-0: Ball
1-0: Foul Ball, location: 2F
1-1: Fielders Choice at 2nd, 5-4 (Groundball, 56, EV 105.6 MPH)
Bottom of the 5th over - 1 run, 1 hit, 0 errors, 1 left on base; Idaho Falls 1 - Mt. Vernon 4
TOP OF THE 6TH
Idaho Falls Chukars batting - Pitching for Mt. Vernon Bulls : LHP Jaime Chávez
Batting: SHB Koryusai Ohayashi 0-0: Ball
1-0: Foul Ball, location: 2F
1-1: Called Strike
1-2: Ball
2-2: Foul Ball, location: 2F
2-2: Reached on error, E6 (Groundball, 56, EV 78.8 MPH)
Pitching: LHP Laurens Bancroft
Batting: RHB Richard Forrest 0-0: Ball
1-0: Called Strike
1-1: Fly out, F3 (Popup, 3SF, EV 86.2 MPH)
Batting: RHB César Vélez 0-0: Ball
1-0: Ball
2-0: Ball
3-0: Called Strike
3-1: Swinging Strike
3-2: Strikes out swinging
Koryusai Ohayashi steals 2nd base
Batter strikes out.
Batting: RHB Kel Warren 0-0: Foul Ball, location: 2F
0-1: SINGLE (Groundball, 56D, EV 100.6 MPH)
Koryusai Ohayashi to third
Runner from 3rd tries for Home, SAFE, throw by LF to home
Batting: SHB Oscar Henson 0-0: Called Strike
0-1: Foul Ball, location: 2F
0-2: Ball
1-2: Strikes out swinging
Top of the 6th over - 1 run, 1 hit, 1 error, 1 left on base; Idaho Falls 2 - Mt. Vernon 4
BOTTOM OF THE 6TH
Mt. Vernon Bulls batting - Pitching for Idaho Falls Chukars : RHP Todd Hanley
Batting: RHB Francisco Ortíz 0-0: Called Strike
0-1: Foul Ball, location: 2F
0-2: Ball
1-2: Ground out 6-3 (Groundball, 56, EV 86.9 MPH)
Batting: RHB John Polk 0-0: Ball
1-0: Swinging Strike
1-1: Ball
2-1: Swinging Strike
2-2: Strikes out swinging
Batting: RHB Donovan Carlson 0-0: Ball
1-0: Foul Ball, location: 2F
1-1: SINGLE (Groundball, 3D, EV 97.5 MPH)
Batting: RHB Ned Lyons 0-0: Ball
1-0: Ball
2-0: Called Strike
2-1: Swinging Strike
2-2: Ball
3-2: SINGLE (Groundball, 4MD, EV 108.1 MPH)
Donovan Carlson to second
Donovan Carlson to third
Batting: LHB Ben Bullock 0-0: Called Strike
0-1: SINGLE (Groundball, 4M, EV 111.2 MPH) (infield hit)
Donovan Carlson scores
Ned Lyons to second
Pitching: LHP Isacco Taricco
Batting: RHB Cyrillo Watson 0-0: Ball
1-0: Swinging Strike
1-1: Called Strike
1-2: Strikes out swinging
Bottom of the 6th over - 1 run, 3 hits, 0 errors, 2 left on base; Idaho Falls 2 - Mt. Vernon 5
TOP OF THE 7TH
Idaho Falls Chukars batting - Pitching for Mt. Vernon Bulls : LHP Laurens Bancroft
Batting: RHB Jon Walker 0-0: Ball
1-0: Ball
2-0: Foul Ball, location: 2F
2-1: Foul Ball, location: 2F
2-2: Foul Ball, location: 2F
2-2: Foul Ball, location: 2F
2-2: Ball
3-2: Foul Ball, location: 2F
3-2: Foul Ball, location: 2F
3-2: Base on Balls
Batting: RHB Javier Botín 0-0: Called Strike
0-1: Foul Ball, location: 2F
0-2: Ball
1-2: Fly out, F8 (Line Drive, 8LM, EV 96.9 MPH)
Batting: LHB Huibrecht Bloemheuvel 0-0: Swinging Strike
0-1: Ball
1-1: SINGLE (Groundball, 4D, EV 104.4 MPH)
Jon Walker to second
Batting: RHB Jon Hill 0-0: Ball
1-0: Ball
2-0: Foul Ball, location: 2F
2-1: Foul Ball, location: 2F
2-2: Ball
3-2: Strikes out swinging
Batting: SHB Koryusai Ohayashi 0-0: Called Strike
0-1: Foul Ball, location: 2F
0-2: Fly out, F8 (Flyball, 8RS, EV 88.8 MPH)
Top of the 7th over - 0 runs, 1 hit, 0 errors, 2 left on base; Idaho Falls 2 - Mt. Vernon 5
BOTTOM OF THE 7TH
Mt. Vernon Bulls batting - Pitching for Idaho Falls Chukars : LHP Isacco Taricco
Batting: RHB Shawn Mullins 0-0: Called Strike
0-1: Called Strike
0-2: Foul Ball, location: 2F
0-2: Ball
1-2: Ball
2-2: Ball
3-2: SINGLE (Groundball, 6M, EV 100.6 MPH) (infield hit)
Batting: RHB Doug Page 0-0: Ball
1-0: Ball
2-0: Swinging Strike
2-1: Foul Ball, location: 2F
2-2: Foul Ball, location: 2F
2-2: Grounds into double play, 4-6-3 (Groundball, 4, EV 100.6 MPH)
Batting: RHB Maema Njongmeta 0-0: Swinging Strike
0-1: Ball
1-1: Swinging Strike
1-2: Ball
2-2: Strikes out swinging
Bottom of the 7th over - 0 runs, 1 hit, 0 errors, 0 left on base; Idaho Falls 2 - Mt. Vernon 5
TOP OF THE 8TH
Idaho Falls Chukars batting - Pitching for Mt. Vernon Bulls : LHP Laurens Bancroft
Batting: RHB Richard Forrest 0-0: Swinging Strike
0-1: Ball
1-1: Ball
2-1: Ball
3-1: Ground out 4-3 (Groundball, 34, EV 80.6 MPH)
Batting: RHB César Vélez 0-0: Called Strike
0-1: Called Strike
0-2: Foul Ball, location: 2F
0-2: Foul Ball, location: 2F
0-2: Ball
1-2: SINGLE (Groundball, 6MD, EV 100.0 MPH)
Pitching: RHP Dave Newman
Batting: RHB Kel Warren 0-0: Called Strike
0-1: Ball
1-1: Ball
2-1: Ball
3-1: Base on Balls
César Vélez to second
Batting: SHB Oscar Henson 0-0: Ball
1-0: Called Strike
1-1: Foul Ball, location: 2F
1-2: Ball
2-2: Foul Ball, location: 2F
2-2: Foul Ball, location: 2F
2-2: Foul Ball, location: 2F
2-2: Ball
3-2: SINGLE (Line Drive, 8LS, EV 113.8 MPH)
César Vélez to third
Kel Warren to second
Runner from 3rd tries for Home, SAFE, no throw by CF
Pinch Hitting: LHB Emosi Whiu 0-0: Ball
1-0: Ball
2-0: Grounds into double play, 6-4-3 (Groundball, 6, EV 79.4 MPH)
Top of the 8th over - 1 run, 2 hits, 0 errors, 1 left on base; Idaho Falls 3 - Mt. Vernon 5
BOTTOM OF THE 8TH
Mt. Vernon Bulls batting - Pitching for Idaho Falls Chukars : LHP Isacco Taricco
Now at 1B: Emosi Whiu
Batting: RHB Francisco Ortíz 0-0: Ball
1-0: Fly out, F8 (Line Drive, 8LD, EV 101.2 MPH)
Batting: RHB John Polk 0-0: Swinging Strike
0-1: Called Strike
0-2: Strikes out swinging
Batting: RHB Donovan Carlson 0-0: Ball
1-0: Swinging Strike
1-1: SINGLE (Groundball, 56D, EV 106.9 MPH)
Batting: RHB Ned Lyons 0-0: Fly out, F9 (Line Drive, 9, EV 90.0 MPH)
Bottom of the 8th over - 0 runs, 1 hit, 0 errors, 1 left on base; Idaho Falls 3 - Mt. Vernon 5
TOP OF THE 9TH
Idaho Falls Chukars batting - Pitching for Mt. Vernon Bulls : RHP Dave Newman
Pitching: RHP Harley Hawk
Batting: RHB Javier Botín 0-0: SINGLE (Groundball, 56D, EV 95.0 MPH)
Batting: LHB Huibrecht Bloemheuvel 0-0: Called Strike
0-1: Ball
1-1: Ball
2-1: Foul Ball, location: 2F
2-2: Ball
3-2: Foul Ball, location: 2F
3-2: Base on Balls
Javier Botín to second
Batting: RHB Jon Hill 0-0: Bunt missed!
0-1: Bunted foul
0-2: Foul Ball, location: 2F
0-2: Ball
1-2: Fly out, F8 (Flyball, 8RXD, EV 108.8 MPH)
Runner from 2nd tags up, SAFE at 3rd, no throw by CF
Batting: SHB Koryusai Ohayashi 0-0: Ball
1-0: SINGLE (Line Drive, 7S, EV 88.8 MPH)
Javier Botín scores
Huibrecht Bloemheuvel to second
Pinch Hitting: SHB Joe Middleton 0-0: Fly out, F8 (Flyball, 78XD, EV 98.8 MPH)
Batting: RHB César Vélez 0-0: Called Strike
0-1: Called Strike
0-2: Ball
1-2: Ball
2-2: Strikes out swinging
Top of the 9th over - 1 run, 2 hits, 0 errors, 2 left on base; Idaho Falls 4 - Mt. Vernon 5
Friday, April 17th, 2020 - OOTP Baseball 20.8 Build 74